 Dungeon Crawl Stone Soup version 0.30-a0-845-g7c6808c8ce (webtiles) character file.

Game seed: 6387848361137497029

30 qeuew the Grave Robber (level 3, 16/16 HPs)
             Began as a Vine Stalker Necromancer on Mar 2, 2023.
             Was a Follower of Uskayaw.
             Quit the game on level 2 of the Dungeon.
             The game lasted 00:01:33 (1481 turns).

qeuew the Grave Robber (Vine Stalker Necromancer)   Turns: 1481, Time: 00:01:34

Health: 16/16      AC:  2    Str: 10    XL:     3   Next: 18%
Magic:  7/7        EV: 12    Int: 17    God:    Uskayaw [*.....]
Gold:   77         SH:  0    Dex: 14    Spells: 6/7 levels left

rFire   . . .      SeeInvis .    (no weapon)
rCold   . . .      Faith    .    (no shield)
rNeg    . . .      Spirit   +    a - +0 robe
rPois   .          Reflect  .    (no helmet)
rElec   .          Rampage  .    (no cloak)
rCorr   .                        (no gloves)
Will    .....                    (no boots)
Stlth   ++                       (no amulet)
HPRegen 0.22/turn                (no ring)
MPRegen 0.10/turn                (no ring)

@: no status effects
A: fangs 2, magic shield, antimagic bite, no potion heal 2
a: Renounce Religion, Stomp


You were on level 2 of the Dungeon.
You worshipped Uskayaw.
Uskayaw was noncommittal.
You visited 1 branch of the dungeon, and saw 2 of its levels.

You collected 77 gold pieces.

Inventory:

Armour
 a - a +0 robe (worn)
Scrolls
 d - a scroll of blinking {unknown}
 f - a scroll of vulnerability {unknown}
Potions
 b - a potion of magic
 c - a potion of haste {unknown}
 e - a potion of ambrosia {unknown}


   Skills:
 + Level 0.6 Armour
 + Level 1.8 Dodging
 + Level 2.8 Stealth
 + Level 2.5 Spellcasting
 * Level 4.3 Necromancy


You had 6 spell levels left.
You knew the following spells:

 Your Spells              Type           Power      Damage    Failure   Level
a - Necrotise             Necr           64%        1d7       3%          1

Your spell library contained the following spells:

 Spells                   Type           Power      Damage    Failure   Level
 Vampiric Draining        Necr           16%        2d7       10%         3
 Animate Dead             Necr           16%        N/A       30%         4
 Agony                    Necr           16%        N/A       65%         5


Dungeon Overview and Level Annotations

Branches:
Dungeon (2/15)

Altars:
Ashenzari
Uskayaw


Innate Abilities, Weirdness & Mutations

You have extremely sharp teeth.
When hurt, damage is shared between your health and your magic reserves.
Your bite disrupts and absorbs the magic of your enemies.
Potions cannot restore your health.


Message History

There is an open door here.
A giant cockroach comes into view.
Found a faded altar of an unknown god.
The giant cockroach writhes in agony.
You kill the giant cockroach!
e - an inky potion You can't see any susceptible monsters within range! (Use Z to cast anyway.)
There is a faded altar of an unknown god here.
A worm comes into view.
The worm writhes in agony!
A worm is nearby!
The worm writhes in agony.
A worm is nearby!
The worm writhes in agony.
You kill the worm!
Found a robe.
You can't see any susceptible monsters within range! (Use Z to cast anyway.)
You now have 77 gold pieces (gained 17).
You open the door.
You see here a +0 robe.
Found a stone staircase leading up.
You can't see any susceptible monsters within range! (Use Z to cast anyway.)
You see here a +0 robe.
There is an open door here.
You open the door.
Found a falchion.
Found an escape hatch in the ceiling.
There is an open door here.
You can't see any susceptible monsters within range! (Use Z to cast anyway.)
f - a scroll labelled GOUSEO YPYOTRU Search for what [? for help]? alltar Can't find anything matching that.
Search for what [Enter for "alltar", or ? for help]? altar
There is an open door here.
There is an open door here.
There is a faded altar of an unknown god here.
This altar belongs to (a) Uskayaw, (b) Yredelemnul or (c) Fedhas, but you can't tell which.
Press the corresponding letter to learn more about a god, or press enter to convert or escape to cancel.
Uskayaw accepts your prayer! Uskayaw welcomes you!
You can now stomp with the beat.
Are you sure you want to abandon this character and quit the game? (Confirm with "yes".)

#.............. #........##.###
#####........##.#.. .....#
#...##.########.#.# .....#
#...##..........#.# .....#
#...............#.# .....#
#....##....†....#.# .....#
#.....+.........#.# .....#
#.@.###.........#.# ....†#
#...# #.........#.. .....#
#...# #.........###
.....##########...#########.#.#
#
............................#.#
#
.....########################.#
# #.#### #.# # #.#
################.# # .[#
#.............##.# #


There were no monsters in sight!

Vanquished Creatures
  A worm (D:2)
  3 endoplasms (D:1)
  A giant cockroach (D:2)
  2 goblins
  6 hobgoblins
  A quokka (D:2)
  3 bats (D:1)
  A frilled lizard (D:1)
  A kobold (D:2)
  3 rats (D:1)
22 creatures vanquished.

Vanquished Creatures (collateral kills)
  An endoplasm (D:1)
1 creature vanquished.

Grand Total: 23 creatures vanquished

Notes
Turn   | Place    | Note
-------+----------+-------------------------------------------
     0 | D:1      | qeuew the Vine Stalker Necromancer began the quest for the
                  | Orb.
     0 | D:1      | Reached XP level 1. HP: 9/9 MP: 4/4
   245 | D:1      | Reached XP level 2. HP: 13/13 MP: 4/6
   966 | D:2      | Found a broken altar of Ashenzari.
  1125 | D:2      | Reached XP level 3. HP: 16/16 MP: 4/7
  1238 | D:2      | Found a faded altar of an unknown god.
  1480 | D:2      | Prayed at the altar of an unknown god.
  1480 | D:2      | Became a worshipper of Uskayaw the Reveller
  1480 | D:2      | Reached * piety under Uskayaw
  1481 | D:2      | Quit the game

Illustrated notes

Levels and vault maps discovered:
D:1:      minmay_arrival_jagged, layout_basic,
          amcnicky_mini_rare_corridor_liquid, hex_large,
          kennysheep_small_spiral, serial_bayou_crossing
D:2:      layout_basic, basic_ecumenical_altar, basic_altar,
          minmay_misc_feat_rugged

Action                     || total
---------------------------++-------
  Melee: Unarmed           ||    10
         Bite              ||     2
   Cast: Necrotise         ||    43
    Use: Scroll            ||     3
         Potion            ||     1
 Armour: Robe              ||     4
  Dodge: Dodged            ||     9

Table legend: (Time is in decaauts)
 A = Elapsed time spent in this place.
 B = Non-inter-level travel time spent in this place.
 C = Inter-level travel time spent in this place.
 D = Time resting spent in this place.
 E = Time spent auto-exploring this place.
 F = Levels seen in this place.
 G = Mean time per level.
                   A        B        C        D        E       F      G
               +--------+--------+--------+--------+--------+-----+--------+
         Total |   1486 |   1423 |     63 |      0 |   1287 |   2 |  743.0 |
       Dungeon |   1486 |   1423 |     63 |      0 |   1287 |   2 |  743.0 |
               +--------+--------+--------+--------+--------+-----+--------+

Top non-repeatable levels by time:
     D:1: 889 daAuts
     D:2: 596 daAuts
